 Dungeon Crawl Stone Soup version 0.31-a0-986-g5e6e4ef867 (webtiles) character file.

Game seed: 8689883968572619288

1057 dialectric the Shield-Bearer (level 8, -14/83 HPs)
             Began as a Troll Wanderer on Nov 23, 2023.
             Was an Elder of Ashenzari.
             Killed from afar by a steam dragon (22 damage)
             ... with a ball of steam
             ... on level 6 of the Dungeon.
             The game lasted 00:07:58 (4608 turns).

dialectric the Shield-Bearer (Troll Wanderer)       Turns: 4608, Time: 00:08:00

Health: -14/83     AC:  5    Str: 20    XL:     8   Next: 6%
Magic:  13/13      EV: 14    Int:  8    God:    Ashenzari [****..]
Gold:   262        SH: 12    Dex: 12    Spells: 16/16 levels left

rFire   . . .        v - +2 flail "Share My Disgust" {heavy, Elem, Dev} (curse)
rCold   . . .        e - +2 kite shield "Shackled Together" {Fort, Elem} (curse)
rNeg    . . .        d - +0 robe "Gaze Upon Infinity" {Melee, Comp} (curse)
rPois   .            y - +1 hat
rElec   .            (no cloak)
rCorr   .            (gloves unavailable)
SInv    +            (boots unavailable)
Will    .....        o - amulet "Tethered Gnosis" {Regen+, Bglg, Self} (curse)
Stlth   +            q - ring of the Fated Sorrow {EV+5, Fort, Self} (curse)
HPRegen 1.93/turn    (no ring)
MPRegen 0.13/turn

%: clarity
@: no status effects
A: large, unfitting armour, claws 3, regeneration 1, shaggy fur 1, tough skin 1
a: Renounce Religion, Shatter the Chains


You were on level 6 of the Dungeon.
You worshipped Ashenzari.
Ashenzari was greatly pleased with you.
You visited 1 branch of the dungeon, and saw 6 of its levels.

You collected 262 gold pieces.

Inventory:

Hand Weapons
 l - a +0 dire flail
 r - a +0 flail
 v - the cursed +2 flail "Share My Disgust" (weapon) {heavy, Elem, Dev}
   (You took it off an orc priest on level 4 of the Dungeon)

   It has a curse which improves the following skills: Elements: Fire Magic, Ice
   Magic, Air Magic and Earth Magic.
   Devices:   Evocations and Shapeshifting.
Armour
 d - the cursed +0 robe "Gaze Upon Infinity" (worn) {Melee, Comp}

   It has a curse which improves the following skills: Melee Combat: Short
   Blades, Long Blades, Axes, Maces & Flails, Polearms, Staves and Unarmed
   Combat.
   Companions: Summonings and Necromancy.
 e - the cursed +2 kite shield "Shackled Together" (worn) {Fort, Elem}

   It has a curse which improves the following skills: Fortitude: Armour and
   Shields.
   Elements:  Fire Magic, Ice Magic, Air Magic and Earth Magic.
 y - a +1 hat (worn)
Jewellery
 i - an amulet of regeneration
 o - the cursed amulet "Tethered Gnosis" (around neck) {Regen+, Bglg, Self}
   (You found it on level 3 of the Dungeon)

   [amulet of regeneration]

   Regen+:    It increases your rate of health regeneration.
   It has a curse which improves the following skills: Beguiling: Conjurations,
   Hexes and Translocations.
   Introspection: Fighting and Spellcasting.
 q - the cursed ring of the Fated Sorrow (left claw) {EV+5, Fort, Self}
   (You found it on level 3 of the Dungeon)

   [ring of evasion]

   EV+5:      It affects your evasion (+5).
   It has a curse which improves the following skills: Fortitude: Armour and
   Shields.
   Introspection: Fighting and Spellcasting.
Talismans
 n - a blade talisman
Wands
 b - a wand of flame (6) (quivered)
Scrolls
 g - 2 scrolls of identify
 h - 2 scrolls of teleportation
 j - 2 scrolls of fear
 k - 3 scrolls of immolation
 m - 3 scrolls of vulnerability
 s - 2 scrolls of revelation
 w - a scroll of butterflies
Potions
 a - a potion of brilliance
 c - a potion of invisibility
 f - 2 potions of curing
 p - 2 potions of mutation
 t - a potion of attraction
 u - a potion of resistance
 x - a potion of might


   Skills:
 + Level 3.3(5.7) Fighting
 - Level 1.2(2.4) Maces & Flails
 + Level 3.0 Dodging
 + Level 5.1(7.7) Shields
 + Level 2.4(4.6) Spellcasting
 + Level 2.6(4.8) Air Magic
 - Level 3.0(4.6) Evocations


You had 16 spell levels left.
You didn't know any spells.
Your spell library contained the following spells:

 Spells                   Type           Power      Damage    Failure   Level
 Shock                    Conj/Air       20%        1d4       21%         1
 Swiftness                Air            9%         N/A       22%         3
 Poisonous Vapours        Pois/Air       10%        N/A       30%         2
 Static Discharge         Conj/Air       10%        3-4/arc   30%         2
 Freeze                   Ice            8%         1d3       43%         1
 Apportation              Tloc           4%         N/A       45%         1
 Summon Small Mammal      Summ           8%         N/A       45%         1
 Airstrike                Air            4%         2d(1-17)  58%         4
 Jinxbite                 Hex            4%         N/A       61%         2
 Frozen Ramparts          Ice            4%         1d1       82%         3
 Call Canine Familiar     Summ           2%         N/A       83%         3
 Hailstorm                Conj/Ice       2%         3d3       83%         3
 Summon Guardian Golem    Hex/Summ       2%         N/A       83%         3
 Tukima's Dance           Hex            2%         N/A       83%         3
 Passage of Golubria      Tloc           2%         N/A       99%         4
 Alistair's Intoxication  Tmut/Pois      0%         N/A       100%        5
 Yara's Violent Unravell  Hex/Tmut       1%         3d3       100%        5


Dungeon Overview and Level Annotations

Branches:
Dungeon (6/15)             Temple (0/1) D:5

Altars:
Ashenzari
Cheibriados
Fedhas
Uskayaw
Vehumet
Wu Jian
Zin


Innate Abilities, Weirdness & Mutations

You are too large for most types of armour.
You have claws for hands.
Your natural rate of healing is unusually fast.
You are covered in fur. (AC +1)
You have tough skin. (AC +1)


Message History

The steam dragon breathes steam at you. The ball of steam hits you!
You hit the steam dragon but do no damage.
The steam dragon is severely wounded.
You are engulfed in a cloud of scalding steam.
You block the steam dragon's attack. The steam dragon barely misses you.
The steam dragon breathes steam at you. The ball of steam hits you!!
* * * LOW HITPOINT WARNING * * *
You barely miss the steam dragon.
The steam dragon is severely wounded.
You are engulfed in a cloud of scalding steam.
* * * LOW HITPOINT WARNING * * *
The steam dragon bites you.
* * * LOW HITPOINT WARNING * * *
The steam dragon claws you but does no damage.
The steam dragon bites you but does no damage.
You block the steam dragon's attack.
You barely miss the steam dragon.
The steam dragon is severely wounded.
The steam dragon completely misses you. You block the steam dragon's attack. x2
The steam dragon claws you.
* * * LOW HITPOINT WARNING * * *
Unknown command.
The steam dragon bites you.
* * * LOW HITPOINT WARNING * * *
You block the steam dragon's attack.
You hit the steam dragon.
The steam dragon is almost dead.
The steam dragon breathes steam at you. The ball of steam hits you!
* * * LOW HITPOINT WARNING * * *
You block the steam dragon's attack. The steam dragon closely misses you.
Unknown command.
You feel better.
You are engulfed in a cloud of scalding steam.
* * * LOW HITPOINT WARNING * * *
The steam dragon breathes steam at you. The ball of steam hits you!!
You die...

**#...............,,..,,,
................#.*#..**,
...............####...,**
##########.....#*....,,,*
###......##..#*,,**
#.....####...#*,**
##...........#***
###.......ยง##
###.##.@..# ####D..##
#.....# #....## ######


You could see a steam dragon (catching breath).

Vanquished Creatures
  A black bear (D:4)
  An ice beast (D:4)
  An ogre (D:5)
  A centaur (D:6)
  2 phantoms (D:5)
  A scorpion (D:6)
  A howler monkey (D:4)
  2 orc priests
  A gnoll bouda (D:5)
  A hound (D:4)
  2 iguanas (D:4)
  3 orc wizards
  5 gnolls
  6 adders
  3 ufetubi
  3 worms
  A dart slug (D:3)
  15 orcs
  5 ball pythons
  6 endoplasms
  3 giant cockroaches
  6 goblins
  5 hobgoblins
  15 jackals
  5 kobolds
  2 quokkas
  5 bats
  3 frilled lizards (D:1)
  7 rats
112 creatures vanquished.

Notes
Turn   | Place    | Note
-------+----------+-------------------------------------------
     0 | D:1      | dialectric the Troll Wanderer began the quest for the Orb.
     0 | D:1      | dialectric set off with the following items: a +0 club, a
                  | wand of flame (6), a potion of invisibility, a +0 robe, a
                  | +2 kite shield; and the following spells available to
                  | memorise: Poisonous Vapours, Static Discharge.
     0 | D:1      | Reached XP level 1. HP: 19/19 MP: 1/1
   102 | D:1      | Reached skill level 3 in Shields
   132 | D:1      | Reached XP level 2. HP: 27/27 MP: 2/2
   324 | D:1      | Found a faded altar of an unknown god.
   335 | D:1      | Prayed at the altar of an unknown god.
   335 | D:1      | Became a worshipper of Ashenzari the Shackled
  1099 | D:2      | Reached * piety under Ashenzari
  1132 | D:2      | Reached XP level 3. HP: 33/33 MP: 3/3
  1133 | D:2      | Identified the cursed +0 robe "Gaze Upon Infinity" {Melee,
                  | Comp}
  1646 | D:3      | Reached skill level 1 in Maces & Flails
  1660 | D:3      | Identified the +4 sling of Recklessness {speed, Str+2}
  1844 | D:3      | Reached XP level 4. HP: 41/41 MP: 4/4
  1874 | D:3      | Found a blossoming altar of Fedhas.
  1905 | D:3      | Reached ** piety under Ashenzari
  2396 | D:4      | Found a snail-covered altar of Cheibriados.
  2396 | D:4      | Found a hide-covered altar of Uskayaw.
  2396 | D:4      | Found a glowing silver altar of Zin.
  2397 | D:4      | Found an ornate altar of the Wu Jian Council.
  2397 | D:4      | Found a radiant altar of Vehumet.
  2478 | D:4      | Reached skill level 1 in Dodging
  2508 | D:4      | Reached skill level 4 in Shields
  2508 | D:4      | Reached XP level 5. HP: 50/50 MP: 5/7
  2748 | D:4      | Reached *** piety under Ashenzari
  3439 | D:5      | Entered Level 5 of the Dungeon
  3439 | D:5      | Noticed a phantom
  3451 | D:5      | Killed a phantom
  3452 | D:5      | Reached XP level 6. HP: 62/62 MP: 9/9
  3662 | D:5      | Noticed an ice beast
  3698 | D:4      | Reached XP level 7. HP: 66/71 MP: 11/11
  3858 | D:5      | Reached **** piety under Ashenzari
  4174 | D:5      | Found a staircase to the Ecumenical Temple.
  4199 | D:5      | Reached skill level 5 in Shields
  4550 | D:6      | Reached XP level 8. HP: 70/83 MP: 13/13
  4607 | D:6      | HP: 2/83 [steam dragon/ball of steam (9)]
  4608 | D:6      | Killed from afar by a steam dragon

Illustrated notes

Levels and vault maps discovered:
D:1:      ncdulo_lavacross, layout_basic, dreamdust_ecumenical_altar_statues,
          minmay_cupped
D:2:      kb_forest_paths, layout_basic
D:3:      layout_basic, fedhas_altar_1
D:4:      layout_basic, grunt_temple_overflow_open
D:5:      layout_loops_ring, minmay_temple_entry_antechambers, chequers_jeans,
          minivault_26, minmay_pentangle
D:6:      layout_cave_pools, serial_shops, nicolae_shop_stone

Skill      XL: |  1  2  3  4  5  6  7 |
---------------+----------------------+-----
Shields        | 3 4 5 |  5.1
Evocations     | 3 |  3.0
Maces & Flails | 1 |  1.2
Dodging        | 1 2 3 |  3.0
Fighting       | 2 3 |  3.3
Air Magic      | 2 |  2.6
Spellcasting   | 2 |  2.4

Action                     |  1- 3 |  4- 6 |  7- 9 || total
---------------------------+-------+-------+-------++-------
  Melee: Club              |   187 |   133 |       ||   320
         Flail             |       |   113 |   108 ||   221
 Invoke: Curse Item        |     2 |     2 |     1 ||     5
    Use: Potion            |     1 |       |     1 ||     2
   Stab: Sleeping          |     1 |       |       ||     1
 Armour: Robe              |   120 |    95 |   116 ||   331
         Skin              |     9 |       |       ||     9
  Dodge: Dodged            |    49 |   118 |   127 ||   294
  Block: Kite shield       |   118 |   174 |   164 ||   456

Table legend: (Time is in decaauts)
 A = Elapsed time spent in this place.
 B = Non-inter-level travel time spent in this place.
 C = Inter-level travel time spent in this place.
 D = Time resting spent in this place.
 E = Time spent auto-exploring this place.
 F = Levels seen in this place.
 G = Mean time per level.
                   A        B        C        D        E       F      G
               +--------+--------+--------+--------+--------+-----+--------+
         Total |   4893 |   4701 |    192 |      0 |   3219 |   6 |  815.5 |
       Dungeon |   4893 |   4701 |    192 |      0 |   3219 |   6 |  815.5 |
               +--------+--------+--------+--------+--------+-----+--------+

Top non-repeatable levels by time:
     D:4: 1298 daAuts
     D:5: 1018 daAuts
     D:1: 939 daAuts
     D:2: 752 daAuts
     D:3: 746 daAuts
     D:6: 138 daAuts
